 Dungeon Crawl Stone Soup version 0.30.0-29-ga12c61a403 (webtiles) character file.

Game seed: 9879564371790512582

30 McKennaii the Conjurer (level 2, -6/20 HPs)
             Began as a Demigod Conjurer on June 8, 2023.
             Killed from afar by an orc wizard (8 damage)
             ... with a magic dart
             ... on level 3 of the Dungeon.
             The game lasted 00:00:48 (1676 turns).

McKennaii the Conjurer (Demigod Conjurer)           Turns: 1676, Time: 00:00:49

Health: -6/20      AC:  2    Str:  8    XL:     2   Next: 84%
Magic:  3/8        EV: 12    Int: 20    God:
Gold:   76         SH:  0    Dex: 12    Spells: 2/5 levels left

rFire   . . .        k - +2 mace (protect)
rCold   . . .        (no shield)
rNeg    . . .        a - +0 robe
rPois   .            (no helmet)
rElec   .            (no cloak)
rCorr   .            (no gloves)
SInv    .            (no boots)
Will    .....        (no amulet)
Stlth   ++           (no ring)
HPRegen 0.23/turn    (no ring)
MPRegen 0.11/turn

%: no passive effects
@: no status effects
A: high MP 1, forlorn, divine attributes
a: no special abilities


You were on level 3 of the Dungeon.
You visited 1 branch of the dungeon, and saw 3 of its levels.

You collected 76 gold pieces.

Inventory:

Hand Weapons
 k - a +2 mace of protection (weapon)
Armour
 a - a +0 robe (worn)
Wands
 l - a wand of flame (20)
Scrolls
 c - a scroll of fog {unknown}
 e - a scroll of silence {unknown}
 i - a scroll of identify {unknown}
 j - 3 scrolls of magic mapping {unknown}
 m - a scroll of teleportation {unknown}
 n - a scroll of immolation {unknown}
 o - a scroll of enchant weapon {unknown}
 p - a scroll of vulnerability {unknown}
 r - a scroll of butterflies {unknown}
Potions
 b - 2 potions of magic
 d - a potion of attraction {unknown}
 f - a potion of degeneration {unknown}
 g - a potion of might {unknown}
 h - a potion of brilliance {unknown}
 q - a potion of lignification {unknown}
 s - a potion of resistance {unknown}


   Skills:
 - Level 1.7 Dodging
 - Level 1.7 Stealth
 + Level 2.4 Spellcasting
 + Level 4.1 Conjurations


You had 2 spell levels left.
You knew the following spells:

 Your Spells              Type           Power      Damage    Failure   Level
a - Magic Dart            Conj           72%        1d6       2%          1
b - Searing Ray           Conj           36%        2d5       4%          2

Your spell library contained the following spells:

 Spells                   Type           Power      Damage    Failure   Level
 Freeze                   Ice            8%         1d3       16%         1
 Dazzling Flash           Conj/Hex       20%        N/A       19%         3
 Hailstorm                Conj/Ice       10%        3d5       19%         3
 Frozen Ramparts          Ice            4%         1d1       41%         3
 Fulminant Prism          Conj/Hex       5%         3d6       54%         4
 Iskenderun's Mystic Bla  Conj/Tloc      10%        2d4       54%         4


Dungeon Overview and Level Annotations

Branches:
Dungeon (3/15)


Innate Abilities, Weirdness & Mutations

You have an increased reservoir of magic. (+10% MP)
You shall have no god before yourself.
Your divine heritage dramatically boosts your attributes as you level up.


Message History

You are out of magic!
Unknown command.
Your magical contamination has completely faded away.
The orc wizard gestures wildly while chanting.
The orc wizard flickers and vanishes!
Deactivating autopickup; reactivate with Ctrl-A.
You see here a +0 club.
An orc wizard appears from thin air!
Reactivating autopickup.
The orc wizard casts a spell.
The orc wizard flickers and vanishes!
Deactivating autopickup; reactivate with Ctrl-A.
A kobold comes into view. It is wielding a +0 hand axe.
The kobold shouts!
The kobold hits you with a +0 hand axe. The kobold hits you with a +0 hand axe.
The kobold hits you with a +0 hand axe. The kobold attacks as you move away!
The kobold closely misses you. The kobold attacks as you move away!
The kobold barely misses you.
Casting: Magic Dart (safe; 2% risk of failure)
Confirm with . or Enter, or press ? or * to list all spells.
Aiming: Searing Ray (safe; 4% risk of failure)
Press: ? - help, Shift-Dir - straight line, f/p - orc
Aim: an orc, wielding a +0 short sword and wearing a +0 chain mail (moderately wounded, 84% to hit)
The searing ray misses the kobold.
The searing ray hits the orc.
The orc is severely wounded. (Press . to maintain the ray.)
The kobold barely misses you.
The searing ray hits the kobold.
You kill the kobold!
The searing ray hits the orc.
You kill the orc!
A puff of flame appears from out of thin air!
The puff of flame hits you!
Ouch! That really hurt!
* * * LOW HITPOINT WARNING * * *
Unknown command.
A magic dart appears from out of thin air!
The magic dart hits you!
You die...

#..............# ###
#.#####.######## ..#
#.# #.# ### #.# #.# #.#
..# #.# #.# #.# #.# #.#
#.# #.# #.###.# #.# #.#
#.....### ##.## #.#
#.......######@..####.#
#.......{).)..........#
#..####.######...######
###..# #.........##
.....# ###########
.....# ###..# #..#
###..#


There were no monsters in sight!

Vanquished Creatures
  5 orcs (D:3)
  2 ball pythons
  2 endoplasms
  3 goblins
  2 hobgoblins
  2 kobolds
  A quokka (D:1)
  A bat (D:2)
  3 frilled lizards
  A rat (D:2)
22 creatures vanquished.

Notes
Turn   | Place    | Note
-------+----------+-------------------------------------------
     0 | D:1      | McKennaii the Demigod Conjurer began the quest for the Orb.
     0 | D:1      | Reached XP level 1. HP: 14/14 MP: 5/5
   844 | D:2      | Reached XP level 2. HP: 20/20 MP: 3/7
   847 | D:2      | Learned a level 2 spell: Searing Ray
  1480 | D:3      | Reached skill level 4 in Conjurations
  1673 | D:3      | HP: 1/20 [something/puff of flame (13)]
  1676 | D:3      | Killed from afar by an orc wizard

Illustrated notes

Levels and vault maps discovered:
D:1:      onia_arrival_pyramid, layout_loops_ring
D:2:      layout_rooms, basic_altar, minmay_misc_feat_enclosed
D:3:      layout_loops_ring, nicolae_ecumenical_lake_church

Skill      XL: |  1  2 |
---------------+-------+-----
Spellcasting   | 2 |  2.4
Conjurations   | 4 |  4.1
Dodging        | |  1.7
Stealth        | |  1.7

Action                     || total
---------------------------++-------
  Melee: Unarmed           ||     6
         Punch             ||     1
   Cast: Magic Dart        ||    39
         Searing Ray       ||     1
  Dodge: Dodged            ||     9
